 Dungeon Crawl Stone Soup version 0.31-a0-145-g046c7d2549 (webtiles) character file.

Game seed: 235200331337646405

22132 Darkkill the Fighter (level 12, -8/113 HPs)
             Began as a Minotaur Hunter on June 6, 2023.
             Was an Initiate of Gozag.
             Mangled by Rupert
             ... wielding a +3 battleaxe of electrocution
              (26 damage)
             ... on level 3 of the Lair of Beasts.
             The game lasted 00:24:49 (11325 turns).

Darkkill the Fighter (Minotaur Hunter)             Turns: 11325, Time: 00:24:49

Health: -8/113     AC: 10    Str: 21    XL:     12   Next: 60%
Magic:  11/11      EV: 20    Int:  6    God:    Gozag
Gold:   259        SH:  0    Dex: 20    Spells: 11/11 levels left

rFire   . . .        a - +0 arbalest (elec)
rCold   . . .        (shield currently unavailable)
rNeg    . . .        p - +0 leather armour "Resopp" {Regen+ rCorr SInv}
rPois   +            n - +1 hat
rElec   .            i - +2 cloak
rCorr   +            A - +0 pair of gloves
SInv    +            e - +1 pair of boots
Will    .....        (no amulet)
Stlth   ++++         l - +6 ring of strength
HPRegen 1.18/turn    q - ring of poison resistance
MPRegen 0.12/turn

%: no passive effects
@: gold aura
A: horns 2, retaliatory headbutt
a: Renounce Religion, Potion Petition, Call Merchant, Bribe Branch


You were on level 3 of the Lair of Beasts.
You worshipped Gozag.
Gozag was aware of your devotion.
You visited 3 branches of the dungeon, and saw 13 of its levels.
You also visited: Sewer.

You collected 2121 gold pieces.
You spent 282 gold pieces at shops.
You paid 1580 gold pieces to Gozag.

Inventory:

Hand Weapons
 a - a +0 arbalest of electrocution (weapon)
 b - a +0 heavy scythe
Missiles
 c - 9 boomerangs
 d - 170 stones
 m - 5 curare-tipped darts {=f !f}
 o - 59 poisoned darts
 y - a throwing net {=f !f}
 B - 5 boomerangs of dispersal {=f !f}
 F - 6 atropa-tipped darts
Armour
 e - a +1 pair of boots (worn)
 i - a +2 cloak (worn)
 n - a +1 hat (worn)
 p - the +0 leather armour "Resopp" (worn) {Regen+ rCorr SInv}
   (You found it on level 5 of the Dungeon)

   SInv:      It lets you see invisible.
   Regen:     It increases your rate of health regeneration.
   rCorr:     It protects you from acid and corrosion.
 A - a +0 pair of gloves (worn)
Magical Staves
 u - a staff of death
 H - a staff of earth
Jewellery
 l - a +6 ring of strength (left hand)
 q - a ring of poison resistance (right hand)
Wands
 s - a wand of paralysis (11)
 v - a wand of roots (3)
 E - a wand of quicksilver (3)
Scrolls
 k - 3 scrolls of immolation
 r - 2 scrolls of fear
 z - a scroll of magic mapping
Potions
 f - a potion of cancellation
 g - a potion of resistance
 h - a potion of berserk rage
 j - a potion of lignification
 t - 2 potions of might
 w - 5 potions of enlightenment
 x - 2 potions of attraction
 C - a potion of mutation
 D - 2 potions of heal wounds
 G - a potion of curing {@q1}


   Skills:
 + Level 12.9 Fighting
 + Level 12.5 Ranged Weapons
 + Level 12.0 Dodging
 + Level 9.9 Stealth


You had 11 spell levels left.
You didn't know any spells.
Your spell library contained the following spells:

 Spells                   Type           Power      Damage    Failure   Level
 Apportation              Tloc           0%         N/A       50%         1
 Magic Dart               Conj           0%         1d3       50%         1
 Necrotise                Necr           0%         1d4       50%         1
 Summon Small Mammal      Summ           0%         N/A       50%         1
 Searing Ray              Conj           0%         2d4       65%         2
 Ozocubu's Armour         Ice            0%         N/A       86%         3
 Fulminant Prism          Conj/Hex       0%         3d5       99%         4
 Metabolic Englaciation   Hex/Ice        0%         N/A       100%        5
 Simulacrum               Ice/Necr       Unusable   N/A       N/A         6

Dungeon Overview and Level Annotations

Branches:
Dungeon (9/15)             Temple (1/1) D:6            Lair (3/5) D:9
 Shoals (0/4) Lair:2        Snake (0/4) Lair:3        Sewer (visited)
    Orc: D:9-12

Altars:
Ashenzari
Cheibriados
Dithmenos
Elyvilon
Fedhas
Gozag
Hepliaklqana
Kikubaaqudgha
Nemelex Xobeh
Okawaru
Qazlal
Ru
Sif Muna
Trog
Uskayaw
Vehumet
Wu Jian
Xom
Yredelemnul
Zin
The Shining One

Shops:
D:1 [   D:2 [   D:6 *   D:9 (   Lair:3 *

Annotations:
D:9 3 runed translucent doors, SecretSquirrel's ghost, novice DjHu
Lair:3 Rupert


Innate Abilities, Weirdness & Mutations

You have a pair of horns on your head.
You reflexively headbutt those who attack you in melee.


Message History

A black mamba comes into view.
Your line of fire to the water moccasin is blocked by a fungus.
Your line of fire to the water moccasin is blocked by a fungus.
The water moccasin hisses angrily.
The water moccasin barely misses you. You furiously retaliate!
You headbutt the water moccasin! You shoot a bolt.
The bolt closely misses the water moccasin.
The black mamba hisses angrily.
The water moccasin bites you! The water moccasin misses you.
You furiously retaliate!
You headbutt the water moccasin! The black mamba bites you.
You are poisoned.
The black mamba poisons you!
You shoot a bolt. The bolt hits the water moccasin!
You kill the water moccasin!
You feel extremely sick. The black mamba bites you! The black mamba misses you.
You furiously retaliate!
You headbutt the black mamba.
You feel very sick.
The black mamba is distracted by your dazzling golden aura.
You see here 6 gold pieces.
You shoot a bolt. The black mamba hisses angrily.
The bolt hits the black mamba!
The black mamba is no longer distracted by gold.
The black mamba is moderately wounded.
You feel very sick. The black mamba completely misses you.
You furiously retaliate!
You headbutt the black mamba! The black mamba bites you!
You shoot a bolt. The bolt hits the black mamba!!
Lightning courses through the black mamba!!
You kill the black mamba!
You feel very sick.
You feel sick.
You now have 240 gold pieces (gained 9).
You feel sick.
You feel sick.
You feel sick.
You feel sick.
You feel sick.
You feel sick.
You are no longer poisoned.
You now have 246 gold pieces (gained 6).
H - a staff of earth A cane toad comes into view.
You shoot a bolt. The bolt hits the cane toad!!
The cane toad gives a loud, deep croak!
The cane toad is almost dead.
A cane toad is nearby!
You shoot a bolt. The bolt hits the cane toad!!
You kill the cane toad!
Your Dodging skill increases to level 12!
Found a stone staircase leading up.
No target in view!
Found a spear.
No target in view!
You now have 253 gold pieces (gained 7).
You now have 259 gold pieces (gained 6).
A water moccasin comes into view.
You shoot a bolt. The water moccasin hisses angrily.
The bolt hits the water moccasin but does no damage.
Rupert the Wild comes into view.
He is wielding a +3 battleaxe of electrocution.
You shoot a bolt. The bolt barely misses Rupert.
Rupert shouts!
You shoot a bolt. The bolt hits Rupert!
Rupert is lightly wounded.
No target in view!
You shoot a bolt. The bolt misses the water moccasin.
You shoot a bolt. The bolt misses the water moccasin.
The bolt hits Rupert!
Lightning courses through Rupert!
Rupert is moderately wounded.
The water moccasin bites you.
Rupert roars madly and goes into a rage!
Rupert goes berserk!
The water moccasin misses you.
You shoot a bolt. The bolt hits the water moccasin!!
You kill the water moccasin!
Rupert closely misses you. You furiously retaliate!
You headbutt Rupert! You shoot a bolt. The bolt hits Rupert!
Rupert is heavily wounded.
Rupert hits you with a +3 battleaxe of electrocution!! x2
You are too injured to fight recklessly!
Fire: a) +0 arbalest (elec)
Press: ? - help, Q - select action, (/) - cycle Shift-Dir - straight line, f/p - Rupert
Aim: Rupert, wielding a +3 battleaxe of electrocution and wearing a +0 leather armour (heavily wounded, berserk, 70% to hit)
You shoot a bolt. The bolt hits Rupert.
Rupert is heavily wounded.
Rupert hits you with a +3 battleaxe of electrocution!!
Rupert hits you with a +3 battleaxe of electrocution!!!
* * * LOW HITPOINT WARNING * * *
Unknown command.
Aiming: Quicksilver Bolt
Press: ? - help, Q - select action, (/) - cycle Shift-Dir - straight line, f/p - Rupert
Aim: Rupert, wielding a +3 battleaxe of electrocution and wearing a +0 leather armour (heavily wounded, berserk, 71% to hit)
The bolt of dispelling energy hits Rupert!
Rupert is heavily wounded.
Rupert hits you with a +3 battleaxe of electrocution!!
You die...
Your body crumbles into a pile of gold.

#
#.......................
#
#................##......
# #..PP............##
#).... ##..#
..............# .....
...# #...........#.#
..... .###
#P..........###...... .#
###............# #####
##.........### ##..#####
##....@...# .....##.##
##....@#.P# .........#
#.....#...# ...>....##
##.....#.#.# ##.##...#
#..###..#... #####...#
#...# #.. .. # #...#
#.[.# ... ###..####...#
... ####.........# ...


You could see Rupert (berserk).

Vanquished Creatures
  Gastronok (Lair:2)
  A hydra (D:9)
  A two-headed ogre (D:8)
  A boulder beetle (D:9)
  3 death yaks (D:9)
  A centaur warrior (D:9)
  Amaemon (D:8)
  A manticore (D:9)
  2 black mambas (Lair:3)
  6 elephants (Lair:2)
  A merfolk siren (Lair:2)
  Joseph (D:7)
  4 cane toads
  An orange demon (D:8)
  2 rime drakes (Lair:2)
  4 komodo dragons
  A merfolk (Lair:2)
  A troll (D:9)
  A hornet (D:8)
  Prince Ribbit (D:7)
  3 blink frogs (Lair:2)
  A shadow (D:7)
  Sigmund (D:4)
  7 yaks (Lair:1)
  A wyvern (D:8)
  2 basilisks
  A steam dragon (D:7)
  An acid dragon (D:9)
  Duvessa (D:7)
  17 water moccasins
  4 orc warriors
  An ice beast (D:7)
  2 black bears
  2 ogres (D:4)
  3 wolves (Lair:1)
  A centaur (D:5)
  A phantom (D:6)
  4 kobold brigands
  4 bullfrogs
  4 scorpions
  A gnoll sergeant (D:7)
  13 wights
  Dowan (D:7)
  9 killer bees (D:9)
  A jelly (D:5)
  3 hounds
  A gnoll bouda (D:9)
  6 orc priests
  2 sleepcaps
  3 iguanas
  3 hell rats (D:9)
  22 orc wizards
  20 gnolls
  5 river rats (Sewer)
  9 adders
  A shadow imp (D:5)
  2 white imps
  A worm (Sewer)
  A dart slug (D:1)
  27 orcs
  4 endoplasms
  10 giant cockroaches
  10 hobgoblins
  7 jackals
  9 quokkas
  9 ball pythons
  13 bats
  3 frilled lizards
  8 goblins
  21 kobolds
  5 rats
326 creatures vanquished.

Notes
Turn   | Place    | Note
-------+----------+-------------------------------------------
     0 | D:1      | Darkkill the Minotaur Hunter began the quest for the Orb.
     0 | D:1      | Reached XP level 1. HP: 18/18 MP: 0/0
    43 | D:1      | Reached skill level 1 in Stealth
    49 | D:1      | Found Qatihe Uful's Armour Emporium.
   123 | D:1      | Reached XP level 2. HP: 25/25 MP: 1/1
   370 | D:1      | Found a faded altar of an unknown god.
   789 | D:2      | Reached XP level 3. HP: 29/31 MP: 2/2
   820 | D:2      | Found Syumeyb Kia's Antique Armour Shop.
  1212 | D:2      | You fall into a shaft and drop 2 floors!
  1446 | D:2      | Reached XP level 4. HP: 38/38 MP: 3/3
  1477 | D:3      | Reached skill level 5 in Ranged Weapons
  1690 | D:3      | Found a snail-covered altar of Cheibriados.
  1739 | D:3      | Reached XP level 5. HP: 28/46 MP: 4/4
  2063 | D:3      | Noticed a black bear
  2074 | D:3      | Killed a black bear
  2357 | D:4      | Reached XP level 6. HP: 23/52 MP: 5/5
  2594 | D:4      | Noticed Sigmund
  2608 | D:4      | Killed Sigmund
  2609 | D:4      | Reached skill level 5 in Fighting
  2664 | D:4      | Reached XP level 7. HP: 61/61 MP: 6/6
  3154 | D:4      | HP: 8/61 [ogre/+0 giant club (20)]
  3157 | D:4      | Reached skill level 5 in Dodging
  3392 | D:5      | Entered Level 5 of the Dungeon
  3464 | D:5      | Reached XP level 8. HP: 26/70 MP: 7/7
  3479 | D:5      | Identified the +0 leather armour "Resopp" {Regen+ rCorr
                  | SInv}
  3673 | D:5      | Found a glowing drain.
  3691 | Sewer    | Entered a sewer
  4571 | D:5      | Found a shadowy altar of Dithmenos.
  4906 | D:6      | Found a sacrificial altar of Ru.
  4968 | D:6      | Reached skill level 5 in Stealth
  5204 | D:6      | Found Zyafiexu's Lightly-Used Armoury.
  5209 | D:6      | Bought a -1 longbow for 18 gold pieces
  5215 | D:6      | Found a staircase to the Ecumenical Temple.
  5294 | Temple   | Entered the Ecumenical Temple
  5397 | Temple   | Became a worshipper of Gozag Ym Sagoz the Greedy
  5614 | D:6      | Reached XP level 9. HP: 79/79 MP: 8/8
  5651 | D:6      | Found a glowing silver altar of Zin.
  6337 | D:7      | Noticed Prince Ribbit
  6359 | D:7      | Killed Prince Ribbit
  6508 | D:7      | Noticed Joseph
  6520 | D:7      | Killed Joseph
  6941 | D:7      | Noticed Duvessa
  6942 | D:7      | Noticed Dowan
  6944 | D:7      | Killed Duvessa
  6945 | D:7      | Reached XP level 10. HP: 90/90 MP: 9/9
  6966 | D:7      | Killed Dowan
  7110 | D:8      | Noticed a two-headed ogre
  7123 | D:8      | Killed a two-headed ogre
  7282 | D:8      | Noticed an orange demon
  7283 | D:8      | Noticed Amaemon
  7296 | D:8      | Killed Amaemon
  7302 | D:8      | Killed an orange demon
  7547 | D:8      | Reached skill level 10 in Fighting
  7577 | D:8      | Reached skill level 10 in Ranged Weapons
  7716 | D:9      | Found a radiant altar of Vehumet.
  7839 | D:9      | Noticed a boulder beetle
  7852 | D:9      | Killed a boulder beetle
  7904 | D:9      | Noticed a manticore
  7913 | D:9      | Killed a manticore
  7914 | D:9      | Reached XP level 11. HP: 40/101 MP: 10/10
  7987 | D:9      | Noticed a centaur warrior
  7993 | D:9      | Killed a centaur warrior
  7993 | D:9      | Noticed a six-headed hydra
  7999 | D:9      | HP: 18/101 [six-headed hydra (9)]
  8003 | D:9      | HP: 8/101 [six-headed hydra (5)]
  8004 | D:9      | Killed a six-headed hydra
  8154 | D:9      | Reached skill level 10 in Dodging
  8279 | D:9      | Found a staircase to the Lair.
  8279 | D:9      | Noticed a death yak
  8282 | D:9      | Noticed a death yak
  8282 | D:9      | Noticed a death yak
  8294 | D:9      | Killed a death yak
  8298 | D:9      | Killed a death yak
  8299 | D:9      | HP: 5/102 [death yak (23)]
  8301 | D:9      | Killed a death yak
  8476 | D:9      | Found a runed translucent gate.
  8476 | D:9      | Found a runed translucent gate.
  8477 | D:9      | Found a runed translucent gate.
  8478 | D:9      | Noticed a ten-headed hydra
  8478 | D:9      | Noticed SecretSquirrel's ghost (novice DjHu)
  8821 | D:9      | Found a hide-covered altar of Uskayaw.
  9175 | D:9      | Bought a +0 arbalest of electrocution for 171 gold pieces
  9221 | Lair:1   | Entered Level 1 of the Lair of Beasts
  9553 | Lair:1   | Identified the +10 trident of Sudden Death {heavy, Int+2
                  | Dex+2}
 10139 | Lair:2   | Reached XP level 12. HP: 112/112 MP: 11/11
 10281 | Lair:2   | Noticed Gastronok
 10293 | Lair:2   | Killed Gastronok
 10398 | Lair:2   | Found a staircase to the Shoals.
 10925 | Lair:3   | Found a staircase to the Snake Pit.
 11227 | Lair:3   | Bought a potion of curing for 93 gold pieces
 11315 | Lair:3   | Noticed Rupert
 11324 | Lair:3   | HP: 17/113 [Rupert/+3 battleaxe of electrocution (40)]
 11325 | Lair:3   | Mangled by Rupert

Illustrated notes

Levels and vault maps discovered:
D:1:      wander_arrival_estate, layout_loops_ring,
          chequers_ecumenical_altar_grove, serial_shops, shop
D:2:      layout_loops_ring, serial_shops, shop, minmay_heptomino_h4
D:3:      layout_basic, marbit_many_paths, chequers_mini_garden,
          chequers_serial_rivers_large_b, due_unseen_surprise
D:4:      layout_basic, sigmund_army, uniq_sigmund
D:5:      layout_loops_ring, mainiacjoe_overflow_alcove_4, portal_sewer_entry_f
D:6:      layout_basic, general_overflow_altar, mainiacjoe_overflow_brackets,
          temple_statues, minmay_shop_damaged
D:7:      minmay_flawed_box, layout_gridville, uniq_joseph, uniq_duvessa,
          uniq_prince_ribbit1
D:8:      layout_rooms, uniq_amaemon
D:9:      layout_stronghold, nicolae_vehumet_altar_sigil,
          mainiacjoe_overflow_chevrons, dpeg_lair_monsters,
          gammafunk_ghost_hydra_chop, minmay_diamond_spiral
Temple:   regret_index_temple_generic_petals
Lair:1:   layout_long_grid, infiniplex_staircase_pool_2
Lair:2:   layout_hall_layers, elwin_shoals_entry_rooms, uniq_gastronok
Lair:3:   layout_cave_pods, minmay_snake_entry_six_corridors, uniq_rupert

Skill      XL: |  1  2  3  4  5  6  7  8  9 10 11 12 |
---------------+-------------------------------------+-----
Stealth        | 1 2 3 4 5 6 7 9 |  9.9
Fighting       | 3 4 5 6 7 8 10 12 | 12.9
Dodging        | 3 4 5 6 8 9 11 12 | 12.0
Ranged Weapons | 5 6 7 9 10 11 12 | 12.5

Action                     |  1- 3 |  4- 6 |  7- 9 | 10-12 || total
---------------------------+-------+-------+-------+-------++-------
   Fire: Shortbow          |    97 |    87 |   314 |       ||   498
         Longbow           |       |       |   149 |   253 ||   402
         Arbalest          |       |       |       |   205 ||   205
  Throw: Dart              |       |     2 |       |       ||     2
 Invoke: Call Merchant     |       |       |       |     2 ||     2
  Evoke: Wand              |       |       |       |    14 ||    14
    Use: Scroll            |     7 |     2 |     7 |     8 ||    24
         Potion            |       |       |     2 |     1 ||     3
 Armour: Leather armour    |    11 |    22 |    89 |    76 ||   198
  Dodge: Dodged            |    27 |    35 |   208 |   306 ||   576

Table legend: (Time is in decaauts)
 A = Elapsed time spent in this place.
 B = Non-inter-level travel time spent in this place.
 C = Inter-level travel time spent in this place.
 D = Time resting spent in this place.
 E = Time spent auto-exploring this place.
 F = Levels seen in this place.
 G = Mean time per level.
                   A        B        C        D        E       F      G
               +--------+--------+--------+--------+--------+-----+--------+
         Total |  11737 |  11087 |    650 |    154 |   8789 |  14 |  838.4 |
       Dungeon |   8611 |   8073 |    538 |    154 |   6356 |   9 |  956.8 |
        Temple |    232 |    203 |     29 |      0 |    197 |   1 |  232.0 |
          Lair |   2190 |   2107 |     83 |      0 |   1716 |   3 |  730.0 |
         Sewer |    702 |    702 |      0 |      0 |    519 |   1 |  702.0 |
               +--------+--------+--------+--------+--------+-----+--------+

Top non-repeatable levels by time:
     D:9: 1552 daAuts
     D:4: 1134 daAuts
     D:6: 1133 daAuts
     D:7: 991 daAuts
     D:3: 963 daAuts
  Lair:2: 914 daAuts
     D:5: 912 daAuts
  Lair:1: 810 daAuts
     D:1: 737 daAuts
   Sewer: 702 daAuts
     D:2: 628 daAuts
     D:8: 558 daAuts
  Lair:3: 464 daAuts
  Temple: 232 daAuts

Levels and vault maps discovered:
D:1:      wander_arrival_estate, layout_loops_ring,
          chequers_ecumenical_altar_grove, serial_shops, shop
D:2:      layout_loops_ring, serial_shops, shop, minmay_heptomino_h4
D:3:      layout_basic, marbit_many_paths, chequers_mini_garden,
          chequers_serial_rivers_large_b, due_unseen_surprise
D:4:      layout_basic, sigmund_army, uniq_sigmund
D:5:      layout_loops_ring, mainiacjoe_overflow_alcove_4, portal_sewer_entry_f
D:6:      layout_basic, general_overflow_altar, mainiacjoe_overflow_brackets,
          temple_statues, minmay_shop_damaged
D:7:      minmay_flawed_box, layout_gridville, uniq_joseph, uniq_duvessa,
          uniq_prince_ribbit1
D:8:      layout_rooms, uniq_amaemon
D:9:      layout_stronghold, nicolae_vehumet_altar_sigil,
          mainiacjoe_overflow_chevrons, dpeg_lair_monsters,
          gammafunk_ghost_hydra_chop, minmay_diamond_spiral
Temple:   regret_index_temple_generic_petals
Lair:1:   layout_long_grid, infiniplex_staircase_pool_2
Lair:2:   layout_hall_layers, elwin_shoals_entry_rooms, uniq_gastronok
Lair:3:   layout_cave_pods, minmay_snake_entry_six_corridors, uniq_rupert

Table legend: (Time is in decaauts)
 A = Elapsed time spent in this place.
 B = Non-inter-level travel time spent in this place.
 C = Inter-level travel time spent in this place.
 D = Time resting spent in this place.
 E = Time spent auto-exploring this place.
 F = Levels seen in this place.
 G = Mean time per level.
                   A        B        C        D        E       F      G
               +--------+--------+--------+--------+--------+-----+--------+
         Total |  11737 |  11087 |    650 |    154 |   8789 |  14 |  838.4 |
       Dungeon |   8611 |   8073 |    538 |    154 |   6356 |   9 |  956.8 |
        Temple |    232 |    203 |     29 |      0 |    197 |   1 |  232.0 |
          Lair |   2190 |   2107 |     83 |      0 |   1716 |   3 |  730.0 |
         Sewer |    702 |    702 |      0 |      0 |    519 |   1 |  702.0 |
               +--------+--------+--------+--------+--------+-----+--------+

Top non-repeatable levels by time:
     D:9: 1552 daAuts
     D:4: 1134 daAuts
     D:6: 1133 daAuts
     D:7: 991 daAuts
     D:3: 963 daAuts
  Lair:2: 914 daAuts
     D:5: 912 daAuts
  Lair:1: 810 daAuts
     D:1: 737 daAuts
   Sewer: 702 daAuts
     D:2: 628 daAuts
     D:8: 558 daAuts
  Lair:3: 464 daAuts
  Temple: 232 daAuts

Table legend:
 A = Kills in this place as a percentage of kills in the entire game.
 B = Kills by you in this place as a percentage of kills by you in the entire game.
 C = Kills by friends in this place as a percentage of kills by friends in the entire game.
 D = Other kills in this place as a percentage of other kills in the entire game.
 E = Experience gained in this place as a percentage of experience gained in the entire game.
 F = Experience gained in this place divided by the number of levels of this place that you have seen.
                   A       B       C       D       E      F
               +-------+-------+-------+-------+-------+----------------------
         Total | 100.0 | 100.0 |   N/A |   N/A | 100.0 | 2258.4
       Dungeon |  74.5 |  74.5 |   N/A |   N/A |  51.7 | 1817.2
          Lair |  16.0 |  16.0 |   N/A |   N/A |  47.8 | 5034.7
         Sewer |   9.5 |   9.5 |   N/A |   N/A |   0.5 | 159.0
               +-------+-------+-------+-------+-------+----------------------
